 Dungeon Crawl Stone Soup version 0.28-a0-804-g60983d4ba9 (webtiles) character file.

Game seed: 17578217805922284089

119 Crownlay the Ruffian (level 5, 0/47 HPs)
             Began as a Gnoll Cinder Acolyte on Nov 7, 2021.
             Was a High Priest of Ignis.
             Slain by a hobgoblin (5 damage)
             ... on level 3 of the Dungeon.
             The game lasted 00:05:35 (3461 turns).

Crownlay the Ruffian (Gnoll Cinder Acolyte)         Turns: 3461, Time: 00:05:36

Health: 0/47       AC:  5    Str: 14    XL:     5   Next: 3%
Magic:  0/9        EV: 11    Int: 14    God:    Ignis [*****.]
Gold:   121        SH:  0    Dex:  7    Spells: 7/10 levels left

rFire   + . .      SeeInvis .   p - +2 dagger (speed)
rCold   . . .      Faith    .   (no shield)
rNeg    . . .      Spirit   .   a - +0 robe
rPois   .          Reflect  .   (no helmet)
rElec   .          Harm     .   n - +2 cloak
rCorr   .          Rampage  .   (no gloves)
Will    .....                   (no boots)
Stlth   +.........              (no amulet)
HPRegen 0.15/turn               (no ring)
MPRegen 0.11/turn               (no ring)

@: no status effects
A: fangs 1, strong nose, distributed training
a: Renounce Religion, Sea of Fire, Foxfire Swarm, Rising Flame


You were on level 3 of the Dungeon.
You worshipped Ignis.
Ignis was extremely pleased with you.
You visited 1 branch of the dungeon, and saw 3 of its levels.

You collected 121 gold pieces.

Inventory:

Hand Weapons
 p - a +2 dagger of speed (weapon)
Armour
 a - a +0 robe (worn)
 n - a +2 cloak (worn)
Magical Staves
 k - a staff of poison
Jewellery
 q - an amulet of regeneration
Wands
 r - a wand of polymorph (9)
Scrolls
 b - 2 scrolls of teleportation {unknown}
 c - 2 scrolls of fog {unknown}
 g - 2 scrolls of identify {unknown}
 i - a scroll of amnesia {unknown}
 j - a scroll of vulnerability {unknown}
 l - 2 scrolls of fear {unknown}
 t - a scroll of silence {unknown}
 u - a scroll of enchant weapon {unknown}
Potions
 d - 2 potions of invisibility {unknown}
 e - a potion of berserk rage
 f - a potion of haste {unknown}
 h - a potion of brilliance {unknown}
 m - a potion of curing {unknown}
 o - 2 potions of mutation {unknown}
 s - a potion of magic {unknown}


   Skills:
 + Level 6.6 Fighting
 + Level 1.3 Short Blades
 + Level 1.3 Long Blades
 + Level 1.3 Axes
 + Level 1.3 Maces & Flails
 + Level 1.3 Polearms
 + Level 1.3 Staves
 + Level 1.3 Slings
 + Level 1.3 Bows
 + Level 1.3 Crossbows
 + Level 1.3 Throwing
 + Level 1.3 Armour
 + Level 1.3 Dodging
 + Level 1.3 Stealth
 + Level 1.3 Shields
 + Level 6.6 Unarmed Combat
 + Level 3.1 Spellcasting
 + Level 1.0 Conjurations
 + Level 1.0 Hexes
 + Level 1.0 Summonings
 + Level 1.0 Necromancy
 + Level 1.0 Translocations
 + Level 1.0 Transmutations
 + Level 5.5 Fire Magic
 + Level 1.0 Ice Magic
 + Level 1.0 Air Magic
 + Level 1.0 Earth Magic
 + Level 1.0 Poison Magic
 + Level 1.4 Invocations
 + Level 1.3 Evocations


You had 7 spell levels left.
You knew the following spells:

 Your Spells              Type           Power      Damage    Failure   Level
a - Scorch                Fire           34%        2d7       3%          2
b - Summon Small Mammal   Summ           20%        N/A       14%         1

Your spell library contained the following spells:

 Spells                   Type           Power      Damage    Failure   Level
 Call Canine Familiar     Summ           5%         N/A       38%         3
 Summon Guardian Golem    Hex/Summ       5%         N/A       38%         3
 Blade Hands              Tmut           2%         N/A       98%         5
 Irradiate                Conj/Tmut      2%         3d14      98%         5
 Dragon Form              Tmut           2%         N/A       100%        7


Dungeon Overview and Level Annotations

Branches:
Dungeon (3/15)

Altars:

Shops:
D:3 [

Annotations:
D:3 Robin


Innate Abilities, Weirdness & Mutations

You have very sharp teeth.
Your uncanny sense of smell can sniff out nearby items.
Your experience applies equally to all skills.


Message History

You barely miss the hobgoblin. The hobgoblin hits you.
* * * LOW HITPOINT WARNING * * *
You barely miss the hobgoblin. The hobgoblin hits you.
* * * LOW HITPOINT WARNING * * *
You are too injured to fight recklessly!
You are too injured to fight recklessly!
You are too injured to fight recklessly!
Casting: Scorch (safe; 3% risk of failure)
Confirm with . or Enter, or press ? or * to list all spells.
You don't have enough magic to cast this spell.
You are too injured to fight recklessly!
You hit the goblin.
You kill the goblin!
The goblin shoots a stone.
The stone hits you.
* * * LOW HITPOINT WARNING * * *
The goblin shoots a stone.
The stone barely misses you. Robin throws the goblin at you!
You barely miss the goblin.
The goblin unwields a +0 hunting sling.
The goblin wields a +0 dagger.
The goblin barely misses you.
You hit the goblin. You punch the goblin.
You kill the goblin!
The hobgoblin no longer looks unusually strong.
Robin laughs in a distinctly smug fashion.
You barely miss the hobgoblin. The hobgoblin misses you.
You closely miss the hobgoblin. The hobgoblin hits you.
* * * LOW HITPOINT WARNING * * *
You closely miss the hobgoblin. You completely miss the hobgoblin.
The hobgoblin hits you.
* * * LOW HITPOINT WARNING * * *
You barely miss the hobgoblin.
The hobgoblin no longer looks unusually strong.
Robin roars a battlecry!
The hobgoblins go into a battle-frenzy!
The hobgoblin hits you.
* * * LOW HITPOINT WARNING * * *
Casting: Scorch (safe; 3% risk of failure)
Confirm with . or Enter, or press ? or * to list all spells.
Flames lash the hobgoblin but do no damage.
The hobgoblin hits you.
You die...

###..#....# #############
##.........# ##≈≈≈≈≈≈≈≈≈≈≈≈
...###.....#
##≈≈≈≈≈≈≈≈≈≈≈≈≈ #).#
##....###### #≈≈≈.........#
...# #.........#
#≈≈.......)..#∆ #.##
#########.###≈≈..#####...#∆
..# #..##≈≈..#...#####∆ ###
##)#≈≈≈..'...'..#
#@#≈≈≈..#...#..#
#g≈≈#########).#..
#g≈≈#..........#..
#g..'....†)....#.g
#...'.)........#.g
#...'.......)..#)g
##≈≈#..........#.)
#≈≈#########..##'
##≈≈≈..#...#).†..


You could see Robin and 2 hobgoblins.

Vanquished Creatures
  A hound skeleton (D:3)
  3 adders
  4 dart slugs
  2 orcs (D:3)
  2 bats
  6 endoplasms
  A giant cockroach (D:3)
  18 goblins
  5 hobgoblins
  3 jackals (D:3)
  4 quokkas
  5 ball pythons
  4 frilled lizards
  2 kobolds
  3 rats
63 creatures vanquished.

Notes
Turn   | Place    | Note
-------+----------+-------------------------------------------
     0 | D:1      | Crownlay the Gnoll Cinder Acolyte began the quest for the
                  | Orb.
     0 | D:1      | Reached XP level 1. HP: 23/23 MP: 4/4
   695 | D:1      | Reached XP level 2. HP: 29/29 MP: 5/5
   698 | D:1      | Learned a level 2 spell: Scorch
  1509 | D:2      | Reached XP level 3. HP: 35/35 MP: 4/7
  1647 | D:2      | Reached skill level 1 in Invocations
  1648 | D:2      | HP: 2/52 [poisoned by an adder]
  2297 | D:2      | Reached skill level 1 in Short Blades
  2297 | D:2      | Reached skill level 1 in Long Blades
  2297 | D:2      | Reached skill level 1 in Axes
  2297 | D:2      | Reached skill level 1 in Maces & Flails
  2297 | D:2      | Reached skill level 1 in Polearms
  2297 | D:2      | Reached skill level 1 in Staves
  2297 | D:2      | Reached skill level 1 in Slings
  2297 | D:2      | Reached skill level 1 in Bows
  2297 | D:2      | Reached skill level 1 in Crossbows
  2297 | D:2      | Reached skill level 1 in Throwing
  2297 | D:2      | Reached skill level 1 in Armour
  2297 | D:2      | Reached skill level 1 in Dodging
  2297 | D:2      | Reached skill level 1 in Stealth
  2297 | D:2      | Reached skill level 1 in Shields
  2297 | D:2      | Reached skill level 1 in Evocations
  2587 | D:2      | Learned a level 1 spell: Summon Small Mammal
  2734 | D:3      | Reached XP level 4. HP: 41/41 MP: 3/8
  2938 | D:3      | Found a faded altar of an unknown god.
  2950 | D:3      | Reached skill level 1 in Conjurations
  2950 | D:3      | Reached skill level 1 in Hexes
  2950 | D:3      | Reached skill level 1 in Summonings
  2950 | D:3      | Reached skill level 1 in Necromancy
  2950 | D:3      | Reached skill level 1 in Translocations
  2950 | D:3      | Reached skill level 1 in Transmutations
  2950 | D:3      | Reached skill level 1 in Ice Magic
  2950 | D:3      | Reached skill level 1 in Air Magic
  2950 | D:3      | Reached skill level 1 in Earth Magic
  2950 | D:3      | Reached skill level 1 in Poison Magic
  3080 | D:3      | Found Jimnoofa's Armour Shop.
  3413 | D:3      | Noticed Robin
  3433 | D:3      | Reached XP level 5. HP: 27/47 MP: 1/9
  3461 | D:3      | Slain by a hobgoblin

Illustrated notes

Levels and vault maps discovered:
D:1:      amcnicky_arrival_blooded_trapdoor, layout_loops_corners
D:2:      layout_basic
D:3:      kennysheep_goblin_castle, layout_rooms, zin_academy, serial_shops,
          nicolae_lakefront_shop, shapermc_ecumenical_altar_pompeii,
          minmay_misc_feat_five, kennysheep_generic_room_13, uniq_robin

Skill      XL: |  1  2  3  4 |
---------------+-------------+-----
Invocations    | 1 |  1.4
Short Blades   | 1 |  1.3
Long Blades    | 1 |  1.3
Axes           | 1 |  1.3
Maces & Flails | 1 |  1.3
Polearms       | 1 |  1.3
Staves         | 1 |  1.3
Slings         | 1 |  1.3
Bows           | 1 |  1.3
Crossbows      | 1 |  1.3
Throwing       | 1 |  1.3
Armour         | 1 |  1.3
Dodging        | 1 |  1.3
Stealth        | 1 |  1.3
Shields        | 1 |  1.3
Evocations     | 1 |  1.3
Spellcasting   | 3 |  3.1
Conjurations   | 1 |  1.0
Hexes          | 1 |  1.0
Summonings     | 1 |  1.0
Necromancy     | 1 |  1.0
Translocations | 1 |  1.0
Transmutations | 1 |  1.0
Ice Magic      | 1 |  1.0
Air Magic      | 1 |  1.0
Earth Magic    | 1 |  1.0
Poison Magic   | 1 |  1.0
Fighting       | |  6.6
Unarmed Combat | |  6.6
Fire Magic     | |  5.5

Action                   |  1- 3 |  4- 6 || total
-------------------------+-------+-------++-------
Melee: Short sword       |    41 |       ||    41
       Bite              |     4 |     3 ||     7
       Punch             |     1 |     1 ||     2
       Dagger            |       |    46 ||    46
 Cast: Scorch            |    35 |    27 ||    62
       Summon Small Mamm |     3 |       ||     3
  Use: Potion            |     1 |       ||     1
Armor: Robe              |    16 |    21 ||    37
Dodge: Dodged            |    26 |    28 ||    54

Table legend: (Time is in decaauts)
 A = Elapsed time spent in this place.
 B = Non-inter-level travel time spent in this place.
 C = Inter-level travel time spent in this place.
 D = Time resting spent in this place.
 E = Time spent auto-exploring this place.
 F = Levels seen in this place.
 G = Mean time per level.
                   A        B        C        D        E       F      G
               +--------+--------+--------+--------+--------+-----+--------+
         Total |   3456 |   3396 |     60 |      0 |   2997 |   3 | 1152.0 |
       Dungeon |   3456 |   3396 |     60 |      0 |   2997 |   3 | 1152.0 |
               +--------+--------+--------+--------+--------+-----+--------+

Top non-repeatable levels by time:
     D:1: 1318 daAuts
     D:2: 1308 daAuts
     D:3: 829 daAuts
